 Dungeon Crawl Stone Soup version 0.23.2-33-g5129a83184 (webtiles) character file.

Game seed: 15912263345679740314

165 Destapler the Ducker (level 5, 0/41 HPs)
             Began as a Gnoll Wanderer on Aug 2, 2019.
             Slain by Sigmund
             ... wielding a +1 scythe of flaming
              (7 damage)
             ... on level 3 of the Dungeon.
             The game lasted 00:20:59 (3121 turns).

Destapler the Ducker (Gnoll Wanderer)               Turns: 3121, Time: 00:20:59

Health: 0/41       AC:  3    Str: 17    XL:     5   Next: 46%
Magic:  7/7        EV: 20    Int: 12    God:
Gold:   126        SH:  0    Dex: 20    Spells: 6/6 levels left

rFire    . . .     SeeInvis .   a - +2 dagger
rCold    . . .     Gourm    +   (no shield)
rNeg     . . .     Faith    .   l - +0 leather armour (curse)
rPois    .         Spirit   .   (no helmet)
rElec    .         Reflect  .   (no cloak)
rCorr    .         Harm     .   (no gloves)
MR       .....                  (no boots)
Stlth    ++++......             j - amulet of the gourmand
HPRegen  0.13/turn              (no ring)
MPRegen  0.10/turn              (no ring)

@: agile
A: distributed training, fangs 1, strong nose
a: no special abilities


You were on level 3 of the Dungeon.
You were completely stuffed.

You visited 1 branch of the dungeon, and saw 3 of its levels.

You collected 126 gold pieces.

Inventory:

Hand Weapons
 a - a +2 dagger (weapon)
 b - a +0 spear
Missiles
 k - 80 stones (quivered)
Armour
 e - a +0 robe
 l - a cursed +0 leather armour (worn)
Jewellery
 j - an amulet of the gourmand (around neck)
Scrolls
 c - a scroll of teleportation {unknown}
 g - 2 scrolls of identify
Potions
 h - a potion of invisibility
Comestibles
 f - 4 rations
 m - 5 chunks of flesh


   Skills:
 + Level 3.0 Fighting
 + Level 1.4 Short Blades
 + Level 1.4 Long Blades
 + Level 1.4 Axes
 + Level 1.4 Maces & Flails
 + Level 4.8 Polearms
 + Level 1.4 Staves
 + Level 1.4 Slings
 + Level 1.4 Bows
 + Level 1.4 Crossbows
 + Level 1.4 Throwing
 + Level 1.4 Armour
 + Level 4.8 Dodging
 + Level 4.4 Stealth
 + Level 1.4 Shields
 + Level 1.4 Unarmed Combat
 + Level 1.4 Spellcasting
 + Level 1.1 Conjurations
 + Level 1.1 Hexes
 + Level 1.1 Charms
 + Level 2.4 Summonings
 + Level 1.1 Necromancy
 + Level 1.1 Translocations
 + Level 1.1 Transmutations
 + Level 1.1 Fire Magic
 + Level 1.1 Ice Magic
 + Level 3.9 Air Magic
 + Level 1.1 Earth Magic
 + Level 1.1 Poison Magic
 + Level 1.6 Invocations
 + Level 1.4 Evocations


You had 6 spell levels left.
You didn't know any spells.
Your spell library was empty.

Dungeon Overview and Level Annotations

Branches:
Dungeon (3/15)

Altars:

Annotations:
D:3 Sigmund


Innate Abilities, Weirdness & Mutations

Your experience applies equally to all skills.
You have very sharp teeth.
Your uncanny sense of smell can sniff out nearby items.


Message History

Sigmund casts a spell.
Sigmund flickers and vanishes!
Deactivating autopickup; reactivate with Ctrl-A.
You hit something. Your bite misses something. Something hits you!
Something burns you.
You bump into the rock wall.
Something hits you! Something burns you.
You closely miss something. You bite something. You barely miss something.
You feel less confused. Something barely misses you.
You hit something.
You hear some strange, mumbled words.
You are confused.
You hit something. Something hits you!
* * * LOW HITPOINT WARNING * * *
Something burns you.
* * * LOW HITPOINT WARNING * * *
You feel better.
You barely miss something. Something hits you!
You die...

. .. #### ..(
######..#
....####.).....#
#....#.####.##
#######........#
##............###
#.(@..#####{#..##
#.... #.@##..## ....
#.####..# ....( #.#
##.# #.....####.#
#.###
........##.#####.<.#
#.....#..).........#
#.... ####.######..#
#o.. #.# #..# #..
#.# ####


There were no monsters in sight!

Vanquished Creatures
  2 adders (D:2)
  7 gnolls (D:2)
  An ooze (D:2)
  2 worms (D:2)
  A dart slug (D:1)
  3 leopard geckos
  4 orcs (D:3)
  7 bats
  6 giant cockroaches
  5 goblins
  6 hobgoblins
  7 kobolds
  A ball python (D:1)
  2 frilled lizards
  8 rats
62 creatures vanquished.

Notes
Turn   | Place    | Note
-------+----------+-------------------------------------------
     0 | D:1      | Destapler the Gnoll Wanderer began the quest for the Orb.
     0 | D:1      | Destapler set off with the following items: a +2 dagger, a
                  | potion of berserk rage, a +0 spear, a potion of curing, a
                  | +0 robe, a ration
     0 | D:1      | Reached XP level 1. HP: 17/17 MP: 1/1
   161 | D:1      | Reached XP level 2. HP: 14/23 MP: 2/2
   563 | D:1      | Reached XP level 3. HP: 28/28 MP: 3/3
  1411 | D:2      | Reached skill level 1 in Invocations
  1461 | D:2      | Reached skill level 1 in Short Blades
  1461 | D:2      | Reached skill level 1 in Long Blades
  1461 | D:2      | Reached skill level 1 in Axes
  1461 | D:2      | Reached skill level 1 in Maces & Flails
  1461 | D:2      | Reached skill level 1 in Staves
  1461 | D:2      | Reached skill level 1 in Slings
  1461 | D:2      | Reached skill level 1 in Bows
  1461 | D:2      | Reached skill level 1 in Crossbows
  1461 | D:2      | Reached skill level 1 in Throwing
  1461 | D:2      | Reached skill level 1 in Armour
  1461 | D:2      | Reached skill level 1 in Shields
  1461 | D:2      | Reached skill level 1 in Unarmed Combat
  1461 | D:2      | Reached skill level 1 in Spellcasting
  1461 | D:2      | Reached skill level 1 in Evocations
  1461 | D:2      | Reached XP level 4. HP: 16/34 MP: 5/5
  1856 | D:2      | Reached skill level 1 in Conjurations
  1856 | D:2      | Reached skill level 1 in Hexes
  1856 | D:2      | Reached skill level 1 in Charms
  1856 | D:2      | Reached skill level 1 in Necromancy
  1856 | D:2      | Reached skill level 1 in Translocations
  1856 | D:2      | Reached skill level 1 in Transmutations
  1856 | D:2      | Reached skill level 1 in Fire Magic
  1856 | D:2      | Reached skill level 1 in Ice Magic
  1856 | D:2      | Reached skill level 1 in Earth Magic
  1856 | D:2      | Reached skill level 1 in Poison Magic
  2186 | D:2      | Reached XP level 5. HP: 14/40 MP: 6/6
  2954 | D:3      | Noticed Sigmund
  3119 | D:3      | HP: 2/41 [something (1)]
  3121 | D:3      | Slain by Sigmund

Skill      XL: |  1  2  3  4  5 |
---------------+----------------+-----
Summonings     | 2 |  2.4
Invocations    | 1 |  1.6
Short Blades   | 1 |  1.4
Long Blades    | 1 |  1.4
Axes           | 1 |  1.4
Maces & Flails | 1 |  1.4
Staves         | 1 |  1.4
Slings         | 1 |  1.4
Bows           | 1 |  1.4
Crossbows      | 1 |  1.4
Throwing       | 1 |  1.4
Armour         | 1 |  1.4
Shields        | 1 |  1.4
Unarmed Combat | 1 |  1.4
Spellcasting   | 1 |  1.4
Evocations     | 1 |  1.4
Conjurations   | 1 |  1.1
Hexes          | 1 |  1.1
Charms         | 1 |  1.1
Necromancy     | 1 |  1.1
Translocations | 1 |  1.1
Transmutations | 1 |  1.1
Fire Magic     | 1 |  1.1
Ice Magic      | 1 |  1.1
Earth Magic    | 1 |  1.1
Poison Magic   | 1 |  1.1
Fighting       | 3 |  3.0
Polearms       | |  4.8
Dodging        | |  4.8
Stealth        | |  4.4
Air Magic      | |  3.9

Action                   |  1- 3 |  4- 6 || total
-------------------------+-------+-------++-------
Melee: Dagger            |    74 |    53 ||   127
       Bite              |     5 |    11 ||    16
       Spear             |    10 |    66 ||    76
       Punch             |       |     1 ||     1
Throw: Stone             |       |     5 ||     5
  Use: Potion            |     1 |     2 ||     3
       Scroll            |       |     1 ||     1
 Stab: Sleeping          |     7 |    11 ||    18
       Distracted        |       |     1 ||     1
  Eat: Chunk             |     2 |    14 ||    16
Armor: Robe              |    10 |     1 ||    11
       Leather armour    |       |     2 ||     2
Dodge: Dodged            |    43 |    42 ||    85
